 Dungeon Crawl Stone Soup version 0.31.0-4-g52a2dc7128 (webtiles) character file.

Game seed: 17746292189930681608

26 Persephone the Chopper (level 2, -10/22 (26) HPs)
             Began as a Minotaur Monk on Jan 22, 2024.
             Mangled by Terence
             ... wielding the +7 Throatcutter {drain, coup de grace}
              (11 damage)
             ... on level 2 of the Dungeon.
             The game lasted 00:02:48 (1220 turns).

Persephone the Chopper (Minotaur Monk)              Turns: 1220, Time: 00:02:48

HP:   -10/22 (26)   AC:  2    Str: 15    XL:     2   Next: 89%
MP:   1/1           EV: 12    Int:  7    God:
Gold: 38            SH:  0    Dex: 12    Spells: 1/1 levels left

rFire   . . .        a - +0 hand axe
rCold   . . .        d - orb {light}
rNeg    . . .        b - +0 robe
rPois   .            (helmet restricted)
rElec   .            (no cloak)
rCorr   .            (no gloves)
SInv    .            (no boots)
Will    .....        (no amulet)
Stlth   +            (no ring)
HPRegen 0.23/turn    (no ring)
MPRegen 0.07/turn

%: no passive effects
@: glowing, heavily drained
A: horns 2, retaliatory headbutt
a: no special abilities


You were on level 2 of the Dungeon.
You visited 1 branch of the dungeon, and saw 2 of its levels.

You collected 38 gold pieces.

Inventory:

Hand Weapons
 a - a +0 hand axe (weapon)
Missiles
 j - 3 javelins (quivered)
Armour
 b - a +0 robe (worn)
 d - an orb of light (worn)
Scrolls
 i - a scroll of summoning {unknown}
Potions
 c - a potion of ambrosia
 e - a potion of resistance {unknown}
 f - a potion of might {unknown}
 g - a potion of attraction {unknown}
 h - a potion of invisibility {unknown}


   Skills:
 - Level 3.6 Fighting
 + Level 5.0 Axes
 - Level 3.2 Dodging


You had one spell level left.
You didn't know any spells.
Your spell library contained the following spells:

 Spells                   Type           Power      Damage    Failure   Level
 Foxfire                  Conj/Fire      0%         2x1d4     43%         1


Dungeon Overview and Level Annotations

Branches:
Dungeon (2/15)

Altars:

Annotations:
D:2 Terence


Innate Abilities, Weirdness & Mutations

You have a pair of horns on your head.
You reflexively headbutt those who attack you in melee.


Message History

You throw a javelin. The javelin barely misses the kobold.
You barely miss the kobold. The kobold hits you but does no damage.
You hit the kobold but do no damage. The kobold closely misses you.
You hit the kobold. You headbutt the kobold.
You kill the kobold!
Things that are here:
a +0 whip; a kobold corpse
j - 3 javelins (gained 1) Auto Killed stopped - Done exploring.
Done exploring.
Auto Killed stopped - Done exploring.
Done exploring.
There is a stone staircase leading down here.
There is a stone staircase leading down here.
You can't go up here!
You climb downwards.
Terence shouts!
There is a stone staircase leading up here.
Terence barely misses you.
You hit Terence but do no damage. You headbutt Terence, but do no damage.
Terence hits you with the +7 Throatcutter {drain, coup de grace}!
You feel drained.
You hit Terence but do no damage. You headbutt Terence.
Terence is lightly wounded.
Terence closely misses you. You furiously retaliate!
You headbutt Terence. You hit Terence. You headbutt Terence, but do no damage.
Terence is heavily wounded.
Terence hits you with the +7 Throatcutter {drain, coup de grace}!
Ouch! That really hurt!
* * * LOW HITPOINT WARNING * * *
You feel drained.
* * * LOW HITPOINT WARNING * * *
You hit Terence. Your headbutt misses Terence.
Terence is severely wounded.
Terence hits you with the +7 Throatcutter {drain, coup de grace}!
Ouch! That really hurt!
You die...
Terence says, "Time to find some more victims." #######.# #<..@@..# #########

You could see Terence.

Vanquished Creatures
  A dart slug (D:1)
  A giant cockroach (D:1)
  2 goblins (D:1)
  4 hobgoblins (D:1)
  4 jackals (D:1)
  A quokka (D:1)
  3 ball pythons (D:1)
  A kobold (D:1)
  4 rats (D:1)
21 creatures vanquished.

Notes
Turn   | Place    | Note
-------+----------+-------------------------------------------
     0 | D:1      | Persephone the Minotaur Monk began the quest for the Orb.
     0 | D:1      | Reached XP level 1. HP: 19/19 MP: 0/0
   227 | D:1      | Reached skill level 4 in Axes
   281 | D:1      | Found a faded altar of an unknown god.
   290 | D:1      | Got Plato's Spellbook of the Volcano
   314 | D:1      | Reached XP level 2. HP: 26/26 MP: 1/1
   491 | D:1      | Reached skill level 5 in Axes
  1213 | D:2      | Noticed Terence
  1219 | D:2      | HP: 1/22 [Terence/the +7 Throatcutter {drain, coup de
                  | grace} (1)]
  1220 | D:2      | Mangled by Terence

Illustrated notes

Levels and vault maps discovered:
D:1:      psy_arrival_heroes, layout_basic, shapermc_ecumenical_altar_rom_forum
D:2:      layout_basic, basic_altar, uniq_natasha, uniq_crazy_yiuf_cottage,
          uniq_terence

Skill      XL: |  1  2 |
---------------+-------+-----
Axes           | 4 5 |  5.0
Fighting       | |  3.6
Dodging        | |  3.2

Action                     || total
---------------------------++-------
  Melee: Hand axe          ||    44
         Headbutt          ||     6
  Throw: Javelin           ||     3
 Armour: Robe              ||    23
  Dodge: Dodged            ||    21
